 Dungeon Crawl Stone Soup version 0.24-a0-458-gfcb5e6da0e (webtiles) character file.

Game seed: 10772971593547168526

4480 Klosterheim the Reanimator (level 10, 0/68 HPs)
             Began as a Demonspawn Necromancer on June 27, 2019.
             Was a Follower of Hepliaklqana.
             Shot with a bolt by an orc warrior (13 damage)
             ... in a bailey.
             The game lasted 00:39:20 (12923 turns).

Klosterheim the Reanimator (DsNe)                  Turns: 12923, Time: 00:39:26

Health: 0/68       AC: 11    Str: 14    XL:     10   Next: 16%
Magic:  0/15       EV: 13    Int: 20    God:    Hepliaklqana [*.....]
Gold:   273        SH:  0    Dex: 17    Spells: 5/16 levels left

rFire    . . .     SeeInvis .   C - +4 trident
rCold    . . .     Gourm    .   (no shield)
rNeg     . . .     Faith    .   y - +0 ring mail {MR+}
rPois    .         Spirit   +   (no helmet)
rElec    .         Reflect  .   B - +0 cloak
rCorr    .         Harm     .   v - +1 pair of gloves (curse)
MR       +....                  (boots unavailable)
Stlth    ++........             (no amulet)
HPRegen  0.21/turn              x - +4 ring of dexterity
MPRegen  0.14/turn              (no ring)

@: mighty, very slightly contaminated
A: reduced essence, talons 3, thin metallic scales 2, powered by pain 1, magic
shield
a: Recall Ancestor, Ancestor Identity, Renounce Religion


You were in a bailey.
You worshipped Hepliaklqana.
Hepliaklqana was aware of your devotion.
You were very hungry.

You visited 1 branch of the dungeon, and saw 8 of its levels.
You also visited: Sewer and Bailey.

You collected 410 gold pieces.
You spent 137 gold pieces at shops.

Inventory:

Hand Weapons
 C - a +4 trident (weapon)
Missiles
 w - 3 curare-tipped darts (quivered)
Armour
 a - a +0 robe
 h - a +0 pair of gloves
 v - a cursed +1 pair of gloves (worn)
 y - a +0 ring mail of magic resistance (worn)
 B - a +0 cloak (worn)
Jewellery
 x - a +4 ring of dexterity (left hand)
Wands
 g - a wand of paralysis (1)
 A - a wand of random effects (18)
Scrolls
 e - 7 scrolls of remove curse
 p - a scroll of enchant armour
 r - a scroll of blinking
 t - 2 scrolls of teleportation
 u - 4 scrolls of identify
Potions
 b - 2 potions of brilliance
 d - a potion of degeneration {unknown}
 f - 2 potions of magic {unknown}
 i - a potion of mutation {unknown}
 j - 3 potions of curing
 k - 3 potions of haste {unknown}
 l - a potion of cancellation {unknown}
 m - 3 potions of lignification
 n - a potion of agility {unknown}
 o - 3 potions of heal wounds
 q - 2 potions of flight {unknown}
 s - 2 potions of invisibility {unknown}
 z - a potion of berserk rage {unknown}
Comestibles
 c - 10 rations


   Skills:
 - Level 6.0 Fighting
 + Level 7.9 Polearms
 + Level 1.7 Armour
 - Level 5.0 Dodging
 - Level 3.0 Stealth
 + Level 3.6 Spellcasting
 - Level 2.0 Charms
 + Level 8.5 Necromancy
 + Level 2.7 Invocations


You had 5 spell levels left.
You knew the following spells:

 Your Spells              Type           Power        Failure   Level  Hunger
a - Pain                  Necr           ####         1%          1    None
b - Vampiric Draining     Necr           #####.....   2%          3    ###....
c - Animate Dead          Necr           N/A          8%          4    ####...
d - Regeneration          Chrm/Necr      ###.......   9%          3    ###....

Your spell library contained the following spells:

 Spells                   Type           Power        Failure   Level  Hunger
 Animate Skeleton         Necr           N/A          1%          1    None
 Freeze                   Ice            #...         26%         1    None
 Throw Frost              Conj/Ice       #.....       38%         2    ##.....
 Ozocubu's Armour         Chrm/Ice       #.......     45%         3    ###....
 Summon Ice Beast         Ice/Summ       #.......     95%         4    ####...
 Throw Icicle             Conj/Ice       #.......     95%         4    ####...


Dungeon Overview and Level Annotations

Branches:
Dungeon (8/15)             Temple (0/1) D:5
   Lair: D:8-11

Altars:
Hepliaklqana
Kikubaaqudgha
Makhleb
Nemelex Xobeh
Okawaru
Qazlal
Ru
Vehumet
Xom
Zin
The Shining One

Shops:
D:4 ?


Innate Abilities, Weirdness & Mutations

You have claws for feet.
You are mostly covered in thin metallic scales. (AC +3)
You sometimes gain a little power by taking damage.
When hurt, damage is shared between your health and your magic reserves.
Your life essence is reduced to manifest your ancestor. (-10% HP)


Message History

Aiming: Pain (safe; 1% risk of failure)
Press: ? - help, Shift-Dir - straight line, f/p - orc warrior
Aim: an orc warrior, wielding a +0 arbalest and wearing a +0 chain mail (severely wounded, chance to defeat MR: 84%)
You miscast Pain.
You are very lightly contaminated with residual magic.
Nothing appears to happen.
The orc warrior shoots a bolt.
The bolt completely misses you.
Casting: Pain (safe; 1% risk of failure)
Confirm with . or Enter, or press ? or * to list all spells.
Aiming: Pain (safe; 1% risk of failure)
Press: ? - help, Shift-Dir - straight line, f/p - orc warrior
Aim: an orc warrior, wielding a +0 arbalest and wearing a +0 chain mail (severely wounded, chance to defeat MR: 84%)
The orc warrior writhes in agony.
You are feeling very hungry.
The orc warrior shoots a bolt.
The bolt hits you!
* * * LOW HITPOINT WARNING * * *
You focus on the pain.
You feel very mighty all of a sudden.
The orc warrior shoots a bolt.
The bolt hits you!
You die...

### ##### ##∩##
####
.....##...##....
.≈≈≈..#...#..≈≈≈
≈≈.≈≈.......≈≈o≈
≈.oo≈.......≈oo.
≈≈o≈≈.......≈≈o≈
#@((# #R((#
##∩## ###


You could see the friendly Iltani the ancestor, 4 orc warriors and 3 orcs.

Vanquished Creatures
  Pikel (D:7)
  Prince Ribbit (D:6)
  Edmund (D:6)
  Menkaure (D:7)
  2 water moccasins (D:6)
  3 orc warriors
  Duvessa (D:6)
  2 slaves (D:7)
  The ghost of nikopol the Chopper, an amateur MiBe of Trog (D:3)
  3 ice beasts
  A necrophage (D:7)
  3 centaurs
  An ogre (D:8)
  2 big kobolds
  2 bullfrogs (D:6)
  A gnoll sergeant (D:5)
  Dowan (D:6)
  2 scorpions (D:4)
  A wight (D:8)
  5 killer bees
  A howler monkey (D:8)
  2 crimson imps
  2 jellies
  4 orc priests (D:6)
  3 centaur skeletons
  A hound (D:6)
  An iguana (D:5)
  4 orc wizards
  4 worker ants
  4 gnolls (D:5)
  11 adders
  4 worms
  3 dart slugs
  3 leopard geckos
  19 orcs
  7 bats
  2 giant cockroaches
  13 goblins
  9 hobgoblins
  13 jackals
  5 quokkas
  A ball python (D:4)
  2 frilled lizards (D:1)
  A jackal zombie (D:8)
  12 kobolds
  A quokka skeleton (D:6)
  8 rats
175 creatures vanquished.

Vanquished Creatures (collateral kills)
  A centaur (D:5)
  2 bullfrogs
  A howler monkey (D:8)
  2 wights (D:8)
  A crimson imp (D:4)
  The ghost of forest the Sneak, a weakling SpAs (D:3)
  2 jellies
  2 bullfrog skeletons
  An orc wizard (D:6)
  2 iguanas
  A worker ant (D:6)
  A worker ant zombie (D:6)
  3 gnolls (D:5)
  2 adders (D:5)
  An adder zombie (D:7)
  3 orcs
  A jackal (D:7)
  3 kobolds
  A goblin (D:8)
31 creatures vanquished.

Vanquished Creatures (others)
  19 ancestors
19 creatures vanquished.

Grand Total: 225 creatures vanquished

Notes
Turn   | Place    | Note
-------+----------+-------------------------------------------
     0 | D:1      | Klosterheim the Demonspawn Necromancer began the quest for
                  | the Orb.
     0 | D:1      | Reached XP level 1. HP: 13/13 MP: 3/3
   349 | D:1      | Gained mutation: You are partially covered in thin metallic
                  | scales. (AC +2) [demonic ancestry]
   349 | D:1      | Reached XP level 2. HP: 20/20 MP: 1/5
  1063 | D:1      | Reached skill level 1 in Fighting
  1093 | D:1      | Gained mutation: You sometimes gain a little power by
                  | taking damage. [demonic ancestry]
  1093 | D:1      | Reached XP level 3. HP: 24/26 MP: 4/6
  1335 | D:1      | Learned a level 3 spell: Vampiric Draining
  1625 | D:2      | Found a burning altar of Makhleb.
  2023 | D:2      | Found a stormy altar of Qazlal.
  2359 | D:2      | Reached XP level 4. HP: 26/32 MP: 1/7
  2928 | D:3      | Found a glowing golden altar of the Shining One.
  3148 | D:3      | Found a runed translucent gate.
  3287 | D:3      | Found a radiant altar of Vehumet.
  3292 | D:3      | Reached skill level 5 in Necromancy
  3307 | D:3      | Found a runed translucent gate.
  3308 | D:3      | Found a runed translucent gate.
  3308 | D:3      | Noticed nikopol's ghost (amateur MiBe)
  3308 | D:3      | Noticed forest's ghost (weakling SpAs)
  3531 | D:3      | Found a glowing drain.
  3544 | Sewer    | Entered a sewer
  3830 | Sewer    | Noticed a big kobold
  3865 | Sewer    | Killed a big kobold
  3865 | Sewer    | Gained mutation: You have sharp toenails. [demonic
                  | ancestry]
  3865 | Sewer    | Reached XP level 5. HP: 37/38 MP: 4/9
  3949 | Sewer    | Found a white marble altar of Elyvilon.
  4942 | D:4      | Found Kaxeugh's Magic Scroll Emporium.
  4963 | D:4      | Bought a scroll of blinking for 82 gold pieces
  4963 | D:4      | Bought a scroll of identify for 22 gold pieces
  4963 | D:4      | Bought a scroll of teleportation for 33 gold pieces
  5189 | D:4      | Found a sacrificial altar of Ru.
  5239 | D:4      | Gained mutation: You are mostly covered in thin metallic
                  | scales. (AC +3) [demonic ancestry]
  5239 | D:4      | Reached XP level 6. HP: 18/46 MP: 1/10
  5612 | D:4      | Found an ancient bone altar of Kikubaaqudgha.
  5613 | D:4      | Found a hazy altar of Hepliaklqana.
  5884 | D:4      | Became a worshipper of Hepliaklqana the Forgotten
  5929 | D:5      | Entered Level 5 of the Dungeon
  6501 | D:5      | Found a staircase to the Ecumenical Temple.
  6599 | D:5      | Gained mutation: When hurt, damage is shared between your
                  | health and your magic reserves. [demonic ancestry]
  6599 | D:5      | Reached XP level 7. HP: 43/46 MP: 9/11
  6686 | D:5      | Learned a level 4 spell: Animate Dead
  6754 | D:5      | Reached skill level 1 in Polearms
  6754 | D:5      | Reached skill level 6 in Necromancy
  7630 | D:5      | Noticed an angel
  7631 | D:5      | Found a glowing silver altar of Zin.
  7632 | D:5      | Found a shimmering altar of Xom.
  7983 | D:6      | Gained mutation: You have razor-sharp toenails. [demonic
                  | ancestry]
  7983 | D:6      | Reached XP level 8. HP: 49/54 MP: 7/12
  8098 | D:6      | Learned a level 3 spell: Regeneration
  8398 | D:6      | Noticed Edmund
  8429 | D:6      | Killed Edmund
  8429 | D:6      | Reached skill level 7 in Necromancy
  8666 | D:6      | Reached * piety under Hepliaklqana
  8692 | D:6      | Noticed Duvessa
  8699 | D:6      | Noticed Dowan
  8928 | D:6      | Reached skill level 5 in Polearms
  9019 | D:6      | Killed Duvessa
  9033 | D:6      | Killed Dowan
  9238 | D:6      | Reached skill level 8 in Necromancy
  9271 | D:6      | Reached skill level 5 in Dodging
  9341 | D:6      | Noticed Prince Ribbit
  9351 | D:6      | Killed Prince Ribbit
  9351 | D:6      | Gained mutation: You have claws for feet. [demonic
                  | ancestry]
  9351 | D:6      | Reached XP level 9. HP: 59/59 MP: 13/13
  9652 | D:6      | Found an iron altar of Okawaru.
  9952 | D:3      | Killed nikopol's ghost
  9952 | D:3      | Reached skill level 5 in Fighting
  9957 | D:3      | Killed forest's ghost
 10283 | D:6      | Reached skill level 1 in Charms
 10694 | D:7      | Noticed Menkaure
 10914 | D:7      | Killed Menkaure
 11409 | D:7      | Noticed Pikel
 11677 | D:7      | Found a sparkling altar of Nemelex Xobeh.
 11843 | D:7      | Killed Pikel
 11843 | D:7      | Reached skill level 1 in Armour
 11843 | D:7      | Reached skill level 1 in Invocations
 11843 | D:7      | Reached XP level 10. HP: 63/68 MP: 2/15
 12224 | D:8      | Found a flagged portal.
 12241 | Bailey   | Entered a bailey
 12923 | Bailey   | Shot with a bolt by an orc warrior

Levels and vault maps discovered:
D:1:      grunt_arrival_lava_bath, layout_basic
D:2:      minmay_chambers_of_twos, layout_basic, old_standard_altar,
          grunt_qazlal_sundering, minmay_curled_crystal, serial_park_tiny_pond
D:3:      layout_basic, overflow_temple_1_default,
          nicolae_overflow_crystal_walls, portal_sewer_entry_d,
          gammafunk_ghost_cemetery
D:4:      layout_loops_ring, kennysheep_mini_moat,
          gammafunk_temple_overflow_statue, serial_shops, shop
D:5:      layout_basic, grunt_temple_overflow_order_and_chaos_1,
          minmay_temple_entry_offerings, first_ration
D:6:      layout_loops_corners, kennysheep_okawaru_gauntlet,
          uniq_prince_ribbit1, uniq_duvessa, uniq_edmund
D:7:      layout_rooms, nemelex_xobeh_ov_fountains_minmay, uniq_pikel,
          uniq_menkaure
D:8:      layout_cave_pods, lemuel_doored_altar, enter_bailey_3, uniq_grum
Bailey:   bailey_polearm_4, bailey

Skill      XL: |  1  2  3  4  5  6  7  8  9 10 |
---------------+-------------------------------+-----
Stealth        | 2 3 |  3.0
Dodging        | 2 3 4 5 |  5.0
Fighting       | 1 2 3 4 6 |  6.0
Necromancy     | 5 6 8 |  8.5
Spellcasting   | 3 |  3.6
Polearms       | 3 5 7 |  7.9
Charms         | 2 |  2.0
Armour         | 1 |  1.7
Invocations    | 1 2 |  2.7

Action                   |  1- 3 |  4- 6 |  7- 9 | 10-12 || total
-------------------------+-------+-------+-------+-------++-------
Melee: Unarmed           |    16 |       |       |       ||    16
       Short sword       |    25 |    30 |       |       ||    55
       Trident           |       |   130 |   346 |    38 ||   514
       Kick              |       |    16 |    75 |     9 ||   100
 Cast: Pain              |    72 |    54 |    66 |    22 ||   214
       Vampiric Draining |       |     3 |    17 |     4 ||    24
       Animate Dead      |       |       |    13 |       ||    13
       Regeneration      |       |       |     2 |       ||     2
Invok: Ancestor Identity |       |     1 |       |       ||     1
       Recall Ancestor   |       |       |     3 |       ||     3
Evoke: Wand              |       |       |     9 |       ||     9
  Use: Scroll            |       |     9 |     2 |     2 ||    13
       Potion            |       |       |     2 |       ||     2
 Stab: Sleeping          |       |     6 |     2 |       ||     8
       Paralysed         |       |       |    19 |       ||    19
       Distracted        |       |       |     1 |       ||     1
  Eat: Chunk             |     5 |     7 |    15 |     3 ||    30
       Ration            |       |     2 |     2 |       ||     4
Armor: Robe              |    21 |    59 |    54 |       ||   134
       Skin              |       |       |     4 |       ||     4
       Ring mail         |       |       |    10 |    15 ||    25
Dodge: Dodged            |    32 |   110 |   248 |    50 ||   440

Table legend:
 A = Non-vault XP
 B = Vault XP
 C = Vault XP percentage of total XP
 D = Non-vault monster count
 E = Vault monster count
 F = Vault count percentage of total count
                 A         B        C        D         E       F
            +---------+---------+-------+---------+---------+-------
      Total |    4337 |    2063 |  32.2 |     168 |      36 |  17.6
            +---------+---------+-------+---------+---------+-------
        D:1 |      48 |       0 |   0.0 |      28 |       0 |   0.0
        D:2 |      47 |      37 |  44.0 |      10 |       8 |  44.4
        D:3 |      59 |     185 |  75.8 |      11 |       3 |  21.4
        D:4 |     428 |       0 |   0.0 |      18 |       0 |   0.0
        D:5 |     668 |       0 |   0.0 |      28 |       0 |   0.0
        D:6 |    1698 |     650 |  27.7 |      42 |       6 |  12.5
        D:7 |     849 |     820 |  49.1 |      19 |       2 |   9.5
        D:8 |     540 |       7 |   1.3 |      12 |       4 |  25.0
      Sewer |       0 |     100 | 100.0 |       0 |      10 | 100.0
     Bailey |       0 |     264 | 100.0 |       0 |       3 | 100.0
            +---------+---------+-------+---------+---------+-------
